 Dungeon Crawl Stone Soup version 0.27-a0-286-g37e0bc138e (webtiles) character file.

Game seed: 16849323842922274417

2363 kongstrongsgirl the Cleaver (level 9, -6/78 HPs)
             Began as a Minotaur Fighter on Feb 8, 2021.
             Splashed by a brown ugly thing's acid (9 damage)
             ... on level 7 of the Dungeon.
             The game lasted 00:49:32 (11410 turns).

kongstrongsgirl the Cleaver (Minotaur Fighter)     Turns: 11410, Time: 00:49:35

Health: -6/78      AC: 24    Str: 25    XL:     9   Next: 21%
Magic:  0/8        EV:  6    Int:  5    God:
Gold:   396        SH: 11    Dex:  9    Spells: 8/8 levels left

rFire    + . .     SeeInvis .   a - +0 war axe
rCold    x . .     Faith    .   c - +0 kite shield
rNeg     . . .     Spirit   +   n - +14 plate armour of Metialud {Regen+}
rPois    .         Reflect  .   (helmet restricted)
rElec    .         Harm     .   (no cloak)
rCorr    .         Rampage  .   y - +0 pair of gloves
Will     .....                  (no boots)
Stlth    ..........             I - amulet of guardian spirit (curse)
HPRegen  0.63/turn              S - ring of fire
MPRegen  0.11/turn              (no ring)

@: corroded
A: retaliatory headbutt, horns 2
a: no special abilities


You were on level 7 of the Dungeon.
You visited 1 branch of the dungeon, and saw 7 of its levels.

You collected 396 gold pieces.

Inventory:

Hand Weapons
 a - a +0 war axe (weapon)
 q - a +0 short sword of speed
 r - a +0 halberd
 t - a +0 war axe
 v - a +1 antimagic spear
 M - a +0 long sword
 U - a +4 great sword of freezing
 V - a cursed +3 scimitar
 W - a +0 hand axe
 Z - a +0 hand axe
Missiles
 g - 104 poisoned darts (quivered)
 l - 160 stones
Armour
 b - a +0 scale mail
 c - a +0 kite shield (worn)
 e - a +0 scale mail
 f - a cursed +0 leather armour
 k - a +0 plate armour
 n - the +14 plate armour of Metialud (worn) {Regen+}
   (You found it on level 6 of the Dungeon)

   It increases your rate of regeneration.
 w - a +0 ring mail
 y - a +0 pair of gloves (worn)
 A - a +0 leather armour
 X - a +0 chain mail
Magical Staves
 Y - an uncursed staff of conjuration {unknown}
Jewellery
 s - an uncursed ring of protection from cold {unknown}
 H - an uncursed amulet of faith {unknown}
 I - a cursed amulet of guardian spirit (around neck)
 O - an uncursed amulet of the acrobat {unknown}
 S - a ring of fire (left hand)
Wands
 m - a wand of random effects (24)
 B - a wand of paralysis (8)
 P - a wand of iceblast (9)
 Q - a wand of flame (19)
Scrolls
 h - 4 scrolls of teleportation {unknown}
 i - 3 scrolls of magic mapping {unknown}
 j - 11 scrolls of identify {unknown}
 u - 4 scrolls of fog {unknown}
 z - a scroll of amnesia {unknown}
 D - 2 scrolls of fear {unknown}
 G - 4 scrolls of enchant weapon {unknown}
 L - 5 scrolls of remove curse {unknown}
Potions
 d - a potion of might
 o - 2 potions of lignification {unknown}
 p - 2 potions of haste {unknown}
 x - 5 potions of curing {unknown}
 C - 3 potions of degeneration {unknown}
 E - a potion of ambrosia {unknown}
 F - 2 potions of heal wounds {unknown}
 J - a potion of mutation {unknown}
 K - 2 potions of magic {unknown}
 N - a potion of resistance {unknown}
 R - 3 potions of attraction {unknown}
 T - a potion of cancellation {unknown}


   Skills:
 + Level 6.6 Fighting
 + Level 9.7 Axes
 + Level 7.3 Armour
 + Level 2.0 Dodging
 + Level 0.3 Stealth
 + Level 7.9 Shields


You had 8 spell levels left.
You didn't know any spells.
Your spell library contained the following spells:

 Spells                   Type           Power        Failure   Level
 Animate Skeleton         Necr           0%           100%        1
 Apportation              Tloc           0%           100%        1
 Corona                   Hex            0%           100%        1
 Magic Dart               Conj           0%           100%        1
 Summon Small Mammal      Summ           0%           100%        1
 Blink                    Tloc           N/A          100%        2
 Call Imp                 Summ           0%           100%        2
 Searing Ray              Conj           0%           100%        2
 Slow                     Hex            0%           100%        2
 Conjure Flame            Conj/Fire      0%           100%        3
 Dazzling Flash           Conj/Hex       0%           100%        3
 Mephitic Cloud           Conj/Pois/Air  0%           100%        3
 Fulminant Prism          Conj/Hex       0%           100%        4
 Iskenderun's Mystic Bla  Conj/Tloc      0%           100%        4


Dungeon Overview and Level Annotations

Branches:
Dungeon (7/15)             Temple (0/1) D:5

Altars:
Dithmenos
Elyvilon
Gozag
Vehumet
Wu Jian


Innate Abilities, Weirdness & Mutations

You reflexively headbutt those who attack you in melee.
You have a pair of horns on your head.


Message History

The hellwing is heavily wounded.
You completely miss the brown ugly thing.
The kobold demonologist gestures wildly while chanting.
The hellwing hits you. You block the hellwing's attack.
The brown ugly thing tentacle-slaps you but does no damage.
You hit the hellwing but do no damage.
The hellwing is heavily wounded.
You hit the brown ugly thing.
The kobold demonologist casts a cantrip, but nothing happens.
The hellwing hits you but does no damage. x2
The brown ugly thing tentacle-slaps you but does no damage.
Unknown command.
You hit the hellwing but do no damage. Your headbutt misses the hellwing.
The hellwing is heavily wounded.
You hit the brown ugly thing.
The hellwing disappears in a puff of smoke!
The brown ugly thing tentacle-slaps you!
* * * LOW HITPOINT WARNING * * *
You are splashed with acid!
You die... ##.# #.##..#...# ##.# . . #..#.#...# ##..+ .#. +#...#'...# ##..# ... #.#..##.#.. #...# #.# #..##.#.##. ....###+### ##.## ###'###..#. ...##.....## KY.

##.....##..# ..##.......## #u#
##.#####.##..
.##.........####@####.#.....#.##.
.#.)......^..#⌠.§.⌠#.#..###..#.#.
.#...........#..#..#.#.#...#.#.#.
.+...........'.###.'.#.#.#.#.# +.
.#...........#..#..#.#.#...#.# #.
.#...........#⌠...⌠#.#..###..# #.
.##.........####+####.#.....#.##.
..##.......## .....##.#####.##..
#..##.....## #...##.....##...


You could see a brown ugly thing, a kobold demonologist and a yak.

Vanquished Creatures
  Duvessa (D:4)
  2 sky beasts
  2 ice beasts (D:5)
  A necrophage (D:6)
  2 ogres
  3 phantoms
  2 centaurs
  A kobold brigand (D:6)
  2 bullfrogs (D:6)
  A gnoll sergeant (D:6)
  A wyvern skeleton (D:6)
  Dowan (D:4)
  3 wights (D:5)
  A centaur zombie (D:5)
  A bullfrog zombie (D:5)
  2 hounds
  A bullfrog skeleton (D:5)
  2 centaur skeletons
  An iguana (D:6)
  6 orc wizards
  Ijyb (D:4)
  A worker ant (D:4)
  A hound skeleton (D:4)
  5 gnolls (D:6)
  A howler monkey skeleton (D:5)
  9 adders
  3 shadow imps
  4 white imps
  An ufetubus (D:5)
  An adder skeleton (D:4)
  3 worms
  2 dart slugs (D:1)
  3 leopard geckos
  14 orcs
  2 ball pythons
  2 bat skeletons (D:2)
  4 giant cockroaches
  5 goblins
  9 hobgoblins
  17 jackals
  18 kobolds
  A quokka (D:6)
  7 bats
  7 frilled lizards
  A giant cockroach zombie (D:2)
  2 jackal zombies
  A leopard gecko skeleton (D:2)
  2 leopard gecko zombies
  6 rats
169 creatures vanquished.

Vanquished Creatures (others)
  6 plants (D:2)
  3 withered plants (D:2)
9 creatures vanquished.

Grand Total: 178 creatures vanquished

Notes
Turn   | Place    | Note
-------+----------+-------------------------------------------
     0 | D:1      | kongstrongsgirl the Minotaur Fighter began the quest for
                  | the Orb.
     0 | D:1      | Reached XP level 1. HP: 19/19 MP: 0/0
   378 | D:1      | Reached XP level 2. HP: 12/27 MP: 1/1
  1409 | D:1      | Reached skill level 3 in Axes
  2933 | D:1      | Reached XP level 3. HP: 33/33 MP: 2/2
  3657 | D:2      | Found a faded altar of an unknown god.
  4067 | D:2      | Reached XP level 4. HP: 24/40 MP: 3/3
  4165 | D:3      | Reached skill level 4 in Axes
  4339 | D:3      | Reached XP level 5. HP: 27/36 MP: 4/4
  4529 | D:3      | Reached skill level 5 in Axes
  5169 | D:4      | Noticed a phantom
  5180 | D:4      | Killed a phantom
  5181 | D:4      | Reached skill level 5 in Shields
  5181 | D:4      | Reached XP level 6. HP: 37/53 MP: 3/5
  5328 | D:4      | Noticed Ijyb
  5337 | D:4      | Killed Ijyb
  5423 | D:4      | Noticed Duvessa
  5430 | D:4      | Noticed Dowan
  5447 | D:4      | Killed Dowan
  5448 | D:4      | Killed Duvessa
  5449 | D:4      | Reached skill level 6 in Axes
  5792 | D:4      | Reached skill level 5 in Armour
  5792 | D:4      | Reached XP level 7. HP: 60/60 MP: 6/6
  5942 | D:4      | Reached skill level 7 in Axes
  6495 | D:5      | Entered Level 5 of the Dungeon
  6542 | D:5      | Reached skill level 5 in Fighting
  6817 | D:5      | Found a staircase to the Ecumenical Temple.
  6831 | D:5      | Reached skill level 1 in Dodging
  6831 | D:5      | Reached XP level 8. HP: 52/68 MP: 4/7
  6832 | D:5      | Reached skill level 8 in Axes
  7879 | D:5      | Found a faded altar of an unknown god.
  7879 | D:5      | Found a white marble altar of Elyvilon.
  7887 | D:5      | Found a shadowy altar of Dithmenos.
  7890 | D:5      | Found a radiant altar of Vehumet.
  7891 | D:5      | Found an ornate altar of the Wu Jian Council.
  8629 | D:6      | Reached skill level 9 in Axes
  8726 | D:6      | Reached XP level 9. HP: 33/66 MP: 5/8
 10397 | D:6      | Found an opulent altar of Gozag.
 10589 | D:6      | Got a warped plate armour
 10600 | D:6      | Identified the +14 plate armour of Metialud {Regen+} (You
                  | found it on level 6 of the Dungeon)
 11391 | D:7      | Noticed a brown ugly thing
 11391 | D:7      | Noticed a troll
 11392 | D:7      | Noticed a kobold demonologist
 11395 | D:7      | Noticed a hellwing
 11396 | D:7      | Noticed a sixfirhy
 11410 | D:7      | HP: 3/78 [brown ugly thing (9)]
 11410 | D:7      | Splashed by a brown ugly thing's acid

Illustrated notes

Levels and vault maps discovered:
D:1:      lemuel_arrival_room, layout_rooms, chequers_serial_rivers_small_3
D:2:      layout_loops_ring, chequers_ecumenical_altar_lobes, serial_undead,
          serial_undead_b, serial_undead_c, serial_undead_e, serial_undead_f,
          serial_undead_f, serial_undead_f
D:3:      layout_basic
D:4:      layout_layer_cave, serial_forest, infiniplex_forest_straight_2,
          infiniplex_forest_straight_3, infiniplex_forest_end_2,
          infiniplex_forest_lined_room_, infiniplex_forest_lined_3,
          infiniplex_forest_end_2, infiniplex_forest_diagonal, uniq_ijyb,
          uniq_duvessa
D:5:      layout_loops_ring, chequers_temple_overflow_minitemple,
          minmay_temple_entry_trees
D:6:      cheibrodos_thug_alley, layout_rooms, nicolae_overflow_crystal_walls
D:7:      minmay_the_grid_octo_tiled_octocenter
          [minmay_the_grid_octo_fan_narrow, minmay_the_grid_octo_concentric,
          minmay_the_grid_octo_empty, minmay_the_grid_octo_clover,
          minmay_the_grid_octo_prize_square_snowflake,
          minmay_the_grid_square_5x5_gyroscope,
          minmay_the_grid_square_5x5_shrine2, minmay_the_grid_square_5x5_fat_x,
          minmay_the_grid_square_5x5_c], layout_layer_cave

Skill      XL: |  1  2  3  4  5  6  7  8 |
---------------+-------------------------+-----
Fighting       | 4 5 6 |  6.6
Axes           | 3 4 5 6 7 9 |  9.7
Armour         | 4 5 6 7 |  7.3
Shields        | 4 5 6 7 |  7.9
Dodging        | 1 2 |  2.0
Stealth        | |  0.3

Action                   |  1- 3 |  4- 6 |  7- 9 || total
-------------------------+-------+-------+-------++-------
Melee: War axe           |   105 |   120 |   319 ||   544
       Headbutt          |    15 |    24 |    58 ||    97
Armor: Scale mail        |    13 |       |       ||    13
       Plate armour      |    60 |   124 |   208 ||   392
Dodge: Dodged            |    31 |    31 |    65 ||   127
Block: Kite shield       |    55 |    73 |   192 ||   320

Table legend: (Time is in decaauts)
 A = Elapsed time spent in this place.
 B = Non-inter-level travel time spent in this place.
 C = Inter-level travel time spent in this place.
 D = Time resting spent in this place.
 E = Time spent auto-exploring this place.
 F = Levels seen in this place.
 G = Mean time per level.
                   A        B        C        D        E       F      G
               +--------+--------+--------+--------+--------+-----+--------+
         Total |  11621 |  11621 |      0 |   5237 |   1677 |   7 | 1660.1 |
       Dungeon |  11621 |  11621 |      0 |   5237 |   1677 |   7 | 1660.1 |
               +--------+--------+--------+--------+--------+-----+--------+

Top non-repeatable levels by time:
     D:1: 3263 daAuts
     D:6: 2390 daAuts
     D:5: 2046 daAuts
     D:4: 1489 daAuts
     D:2: 949 daAuts
     D:3: 934 daAuts
     D:7: 546 daAuts
